Unix NetHack Version 5.0.0-0 post-release - last build May 22 2026 02:22:16 (99d1c3b6dc4b13757aaa5824b55bdea4e1e63757,branch:main).

Game began 2026-05-22 10:32:10, ended 2026-05-22 12:56:31.

Anarchos, lawful female dwarven Valkyrie

                                                                     .
                                 -------------                       d
                                 |C.........C|                      .
                                 |.....C.....|                      a
                                 |...-----...|                  ###@`
                                 |...|.{.|...|                 ##
                                 ...C|{.{|C..|               ###
                                 |...|.{.|...|             ###
                                 |...--.--...|#    #    ####
                                 |.....C%.....####### #######
                                 |C.........C|    -.---.----
                                 -------------    |>.......|
                                                  |.........
                                                  |....`...|
                                                  ----------

Anarchos the Fighter        St:18/01 Dx:15 Co:18 In:8 Wi:8 Ch:7  Lawful
Dlvl:9  $:3483 HP:0(67) Pw:8(8) AC:1  Xp:6 T:2379  Burdened

Latest messages:
 The rabid rat bites!
 You kill the rabid rat!
 You kill the bat!
 "Velkommen, Anarchos, welcome to Delphi!"
 You hit the giant beetle!
 You are now more skilled in spear.
 You hit the giant beetle!
 You miss the giant beetle.
 The giant beetle just misses!
 The giant beetle misses!
 You kill the giant beetle!
 You destroy the elf zombie!
 You have a little trouble lifting g - a magenta potion.
 With great effort you move the boulder.
 You fall down the stairs.
 You have a little trouble lifting k - an egg.
 The iguana bites!
 You hit the iguana!
 The iguana just misses!
 You kill the iguana!
 You have a little trouble lifting s - an iguana corpse.
 You have trouble lifting a large box.  Continue? [ynq] (q) n
 You see here a large box.
 What do you want to eat? [dksQT or ?*] s
 This iguana corpse is stringy.
 You finish eating the iguana corpse.
 You have a little trouble lifting t - a scroll labeled FNORD.
 $ - 73 gold pieces (3483 in total).
 You have a little trouble removing T - a tripe ration (2 in total).
 u - a black gem.
 y - a green gem.
 You climb up the stairs.
 You kill the cave spider!
 With great effort you move the boulder.
 The soldier ant bites!
 The soldier ant stings!
 The soldier ant bites!
 The soldier ant stings!
 You try to move the boulder, but in vain.
 You hit the soldier ant!
 The soldier ant bites!
 The soldier ant stings!
 You miss the soldier ant.
 The soldier ant bites!
 The soldier ant stings!
 The soldier ant bites!
 The soldier ant stings!
 You die...
 Do you want your possessions identified? [ynq] (y) y
 Do you want to see your attributes? [ynq] (y) q

Inventory:
 Coins    ('$')
  $ - 3483 gold pieces
 Weapons  (')')
  o - a rustproof +0 arrow (in quiver)
  x - 8 +0 darts
  P - 11 cursed +0 darts
  D - 5 +0 daggers
  a - a blessed +1 dwarvish spear (weapon in right hand)
  L - 2 +0 knives
  A - a +0 orcish dagger
  n - a corroded +0 orcish dagger
  z - a cursed -2 orcish dagger
  F - a +0 scimitar
 Armor    ('[')
  f - an uncursed +0 orcish helm (being worn)
  p - an uncursed +0 orcish helm
  r - an uncursed +0 orcish helm
  B - an uncursed +0 orcish helm
  E - an uncursed +0 orcish helm
  H - an uncursed +0 orcish helm
  c - an uncursed +3 small shield (being worn)
  S - an uncursed +0 dwarvish cloak (being worn)
  G - an uncursed +0 orcish chain mail (being worn)
 Comestibles  ('%')
  Q - an uncursed slime mold
  d - 6 uncursed food rations
  T - 2 uncursed tripe rations
  k - an uncursed egg
 Scrolls  ('?')
  h - an uncursed scroll of blank paper
  i - 3 uncursed scrolls of blank paper
  K - an uncursed scroll of blank paper
  V - 2 uncursed scrolls of create monster
  U - a blessed scroll of enchant armor
  Z - a blessed scroll of fire
  t - an uncursed scroll of identify
 Spellbooks  ('+')
  b - an uncursed spellbook of blank paper
  w - an uncursed spellbook of blank paper
  W - an uncursed spellbook of force bolt
 Potions  ('!')
  O - a blessed potion of object detection
  g - an uncursed potion of paralysis
  q - an uncursed potion of water
  v - an uncursed potion of water
 Wands    ('/')
  l - a wand of cancellation (0:5)
  j - a wand of digging (0:-1)
  m - a wand of undead turning (0:-1)
 Tools    ('(')
  M - an uncursed mirror
 Gems/Stones  ('*')
  u - an uncursed obsidian stone
  y - an uncursed worthless piece of green glass
  X - an uncursed worthless piece of violet glass
  Y - an uncursed worthless piece of yellowish brown glass

Anarchos the Valkyrie's attributes:

Background:
 You were a Fighter, a level 6 dwarven Valkyrie.
 You were lawful, nominally on a mission for Tyr
 who was opposed by Odin (neutral) and Loki (chaotic).
 You were right-handed.
 You were in the Dungeons of Doom, on level 9.
 You entered the dungeon 2379 turns ago.
 You had 584 experience points, 56 more were needed to attain level 7.

Basics:
 You had 0 out of 67 hit points.
 You had all 8 energy points (spell power).
 Your armor class was 1.
 Your wallet contained 3483 zorkmids.
 Autopickup was on for all types.

Final Characteristics:
 Your strength was 18/01 (limit:18/100).
 Your dexterity was 15 (limit:20).
 Your constitution was 18 (limit:20).
 Your intelligence was 8 (limit:16).
 Your wisdom was 8 (limit:16).
 Your charisma was 7 (limit:16).

Final Status:
 You weren't hungry.
 You were burdened; movement was slightly slowed.
 You were wielding a spear.
 You were skilled in spear.

Final Attributes:
 You were piously aligned.
 Your items were somewhat protected from fire.
 You were cold resistant.
 Your items were somewhat protected from cold.
 You had infravision.
 You were stealthy.
 You were warded.
 Your spell casting was impaired by metallic armor.
 You are dead.

Miscellaneous:
 You didn't encounter any bones levels.
 Total elapsed playing time was 1 hour and 14 minutes.

Major events:
 Turn
    1: Anarchos the lawful dwarven Valkyrie entered the dungeon
  508: attained the rank of Skirmisher (level 3)
 1286: attained the rank of Fighter (level 6)
 2379: killed by a soldier ant

Spells:
 Name                 Level Category     Fail Retention
 magic missile          2   attack       100%  76%-100%

Skills:
 Fighting Skills
   bare handed combat [Unskilled]
   two weapon combat  [Unskilled]
   riding             [Unskilled]
 Weapon Skills
   dagger             [Basic]
   axe                [Unskilled]
   pick-axe           [Unskilled]
   short sword        [Unskilled]
   broadsword         [Unskilled]
   long sword         [Unskilled]
   two-handed sword   [Unskilled]
   saber              [Unskilled]
   hammer             [Unskilled]
   quarterstaff       [Unskilled]
   polearms           [Unskilled]
   spear              [Skilled]
   trident            [Unskilled]
   lance              [Unskilled]
   sling              [Unskilled]
 Spellcasting Skills
   attack spells      [Unskilled]
   escape spells      [Unskilled]

Voluntary challenges:
 Character rerolling was not enabled.
 You were an atheist.
 You never genocided any monsters.
 You never polymorphed an object.
 You never changed form.
 You used no wishes.
Achievements:
 You attained the rank of Skirmisher.
 You attained the rank of Fighter.

 The Dungeons of Doom: levels 1 to 10
    Level 1:
       A fountain.
    Level 2:
       A fountain.
    Level 3:
    Level 4:
       A fountain, a grave.
    Level 5:
       A throne.
    Level 6:
    Level 7:
       A throne, a sink.
    Level 9: <- You were here.
       Many fountains.
       Oracle of Delphi.
       Final resting place for
          you, killed by a soldier ant.
    Level 10:


Vanquished creatures:
  a giant beetle
  7 bugbears
 an imp
  2 mountain nymphs
  4 Mordor orcs
  a rock mole
  a gnome leader
  a gnomish wizard
 an elf zombie
  a little dog
  a floating eye
  3 kobold leaders
  a hill orc
  a rabid rat
  a giant bat
 an iguana
 an acid blob
  a large kobold
  8 hobgoblins
  a giant rat
  2 cave spiders
  a brown mold
  a green mold
  a red mold
  7 gnomes
  2 geckos
  5 jackals
  2 foxes
  2 kobolds
  5 goblins
  4 grid bugs
  a bat
  2 newts
74 creatures vanquished.

No species were genocided or became extinct.

Game over:
                       ----------
                      /          \
                     /    REST    \
                    /      IN      \
                   /     PEACE      \
                  /                  \
                  |     Anarchos     |
                  |     3483 Au      |
                  |   killed by a    |
                  |   soldier ant    |
                  |                  |
                  |                  |
                  |       2026       |
                 *|     *  *  *      | *
        _________)/\\_//(\/(/\)/\//\/|_)_______

Farvel Anarchos the Valkyrie...

You died in The Dungeons of Doom on dungeon level 9 with 5941 points,
and 3483 pieces of gold, after 2379 moves.
You were level 6 with a maximum of 67 hit points when you died.

